 Dungeon Crawl Stone Soup version 0.30.0-29-ga12c61a403 (webtiles) character file.

Game seed: 2018475194626759324

32 cheesebisquit the Grave Robber (level 3, -10/28 HPs)
             Began as a Ghoul Necromancer on June 7, 2023.
             Mangled by Terence
             ... wielding a +0 trident
              (11 damage)
             ... on level 2 of the Dungeon.
             The game lasted 00:05:57 (1104 turns).

cheesebisquit the Grave Robber (Ghoul Necromancer)  Turns: 1104, Time: 00:05:57

Health: -10/28     AC:  2    Str: 17    XL:     3   Next: 25%
Magic:  1/4        EV: 12    Int: 12    God:
Gold:   95         SH:  0    Dex:  9    Spells: 1/5 levels left

rFire   . . .        g - +3 dagger (venom)
rCold   + . .        (no shield)
rNeg    + + +        a - +0 robe
rPois   ∞            (no helmet)
rElec   .            (no cloak)
rCorr   .            (no gloves)
SInv    .            (no boots)
Will    .....        n - amulet of regeneration
Stlth   ++           d - +6 ring of strength
HPRegen 0.00/turn    (no ring)
MPRegen 0.09/turn

%: no passive effects
@: weak-willed, attractive, inhibited regen
A: claws 1, cold resistance 1, negative energy resistance 3, inhibited
regeneration, torment resistance 2, devour on kill
a: no special abilities


You were on level 2 of the Dungeon.
You visited 1 branch of the dungeon, and saw 2 of its levels.

You collected 95 gold pieces.

Inventory:

Hand Weapons
 e - a +0 dagger
 g - a +3 dagger of venom (weapon)
Armour
 a - a +0 robe (worn)
 m - a +0 leather armour
 o - a +0 scale mail
Jewellery
 d - a +6 ring of strength (left claw)
 n - an amulet of regeneration (around neck)
Potions
 f - a potion of berserk rage


   Skills:
 + Level 1.5 Fighting
 - Level 1.7 Dodging
 - Level 3.0 Stealth
 + Level 1.8 Spellcasting
 + Level 4.3 Necromancy


You had one spell level left.
You knew the following spells:

 Your Spells              Type           Power      Damage    Failure   Level
a - Necrotise             Necr           44%        1d6       4%          1
b - Vampiric Draining     Necr           11%        2d6       14%         3

Your spell library contained the following spells:

 Spells                   Type           Power      Damage    Failure   Level
 Blink                    Tloc           2%         N/A       38%         2
 Lesser Beckoning         Tloc           2%         N/A       38%         2
 Momentum Strike          Conj/Tloc      2%         3d8       38%         2
 Animate Dead             Necr           11%        N/A       43%         4
 Call Canine Familiar     Summ           1%         N/A       63%         3
 Portal Projectile        Hex/Tloc       2%         N/A       63%         3
 Agony                    Necr           11%        N/A       78%         5
 Leda's Liquefaction      Hex/Erth       0%         N/A       95%         4


Dungeon Overview and Level Annotations

Branches:
Dungeon (2/15)

Altars:

Annotations:
D:2 Sigmund, Terence


Innate Abilities, Weirdness & Mutations

You are immune to poison.
You have sharp fingernails.
Your flesh is cold resistant. (rC+)
You are immune to negative energy. (rN+++)
You do not regenerate when monsters are visible.
You are immune to unholy pain and torment.
You thrive by killing the living.


Message History

You hear a loud clanging noise!
It was a scroll of noise.
Terence says, "Time to say good-bye..."
Terence closely misses you.
As you read the scroll labelled LIMOTE YHISCHE, it crumbles to dust.
Magic quickly surges around you.
It was a scroll of vulnerability.
Terence hits you with a +0 trident.
* * * LOW HITPOINT WARNING * * *
As you read the scroll labelled TEAMOR YDIDWAO, it crumbles to dust.
It is a scroll of amnesia.
Really abort (and waste the scroll)?
Okay, then.
Terence hits you with a +0 trident.
* * * LOW HITPOINT WARNING * * *
As you read the scroll labelled ATYOHA JAHARU, it crumbles to dust.
You feel aware of your surroundings.
It was a scroll of magic mapping.
Terence barely misses you.
As you read the scroll labelled JENAZE NAMMOZO, it crumbles to dust.
Wisps of shadow whirl around you...
It was a scroll of summoning.
Terence closely misses you.
You swap places.
Your jackal barely misses Terence.
Your jackal bites Terence but does no damage.
Terence hits your jackal with a +0 trident!
Your jackal dies!
Your jackal's corpse dissolves into shadows!
Your endoplasm freezes Terence.
Terence is frozen.
Your jackal barely misses Terence.
Terence hits your endoplasm with a +0 trident!
Your endoplasm dies!
Your endoplasm dissolves into shadows!
Terence shouts!
Terence is attracted toward you.
You see here a scroll labelled VAOS XEARPHAUGU.
As you read the scroll labelled GOPNIC GYELUYMUGE, it crumbles to dust.
It is a scroll of brand weapon.
Your +3 dagger drips with poison.
g - a +3 dagger of venom (weapon)
Terence hits you with a +0 trident!
You die...

,#.*#,*#.#.......#..[..#.#
,..**,*..........##...##.#
.^.,,,,..#.......###<###.#
#.,,,,,.##.....>.........#
*****,..........####.#####
*,**#.#####.# #...,*
*,*##.##**#.# ####.#
#****,,......##.#### *,#
,,,,,****,*#.§h@@..# *,*
****,* *,*#...#.#.#***,*
###*,* #.....###....,,,*
..#*,# #####.,*,#.###***
#.##.# #.*,**.# #..#.#
#.,,,,,# .....# ##******
##.### #.#


You could see Terence (weak-willed, ally target) and a friendly jackal
(summoned).

Vanquished Creatures
  A ball python (D:1)
  6 endoplasms
  3 goblins (D:1)
  5 hobgoblins (D:1)
  2 quokkas (D:1)
  5 bats (D:1)
  3 frilled lizards (D:1)
  2 kobolds (D:1)
  A rat (D:1)
28 creatures vanquished.

Notes
Turn   | Place    | Note
-------+----------+-------------------------------------------
     0 | D:1      | cheesebisquit the Ghoul Necromancer began the quest for the
                  | Orb.
     0 | D:1      | Reached XP level 1. HP: 14/14 MP: 2/2
    91 | D:1      | Reached XP level 2. HP: 4/22 MP: 1/3
   314 | D:1      | Reached skill level 1 in Fighting
   565 | D:1      | Reached XP level 3. HP: 28/28 MP: 0/4
   621 | D:1      | Learned a level 3 spell: Vampiric Draining
   957 | D:2      | Noticed Sigmund
   972 | D:2      | Noticed Terence
  1099 | D:2      | HP: 1/28 [Terence/+0 trident (2)]
  1104 | D:2      | Mangled by Terence

Illustrated notes

Levels and vault maps discovered:
D:1:      heliophobic_arrival_enchanted_forest, layout_rooms, minmay_ruptured
D:2:      layout_loops_cross, kennysheep_generic_room_2, uniq_sigmund,
          uniq_terence

Skill      XL: |  1  2  3 |
---------------+----------+-----
Fighting       | 1 |  1.5
Stealth        | 3 |  3.0
Dodging        | |  1.7
Spellcasting   | |  1.8
Necromancy     | |  4.3

Action                     || total
---------------------------++-------
  Melee: Dagger            ||    34
         Unarmed           ||    10
   Cast: Necrotise         ||    40
    Use: Potion            ||     3
         Scroll            ||     6
 Armour: Robe              ||    14
  Dodge: Dodged            ||    53
